 Dungeon Crawl Stone Soup version 0.27-a0-396-g03f4e8edb7 (webtiles) character file.

Game seed: 16752154895614972079

32 CryoSword the Chopper (level 3, 0/33 HPs)
             Began as a Minotaur Monk on Feb 21, 2021.
             Slain by a hobgoblin
             ... wielding a +0 club
              (6 damage)
             ... on level 1 of the Dungeon.
             The game lasted 00:01:06 (334 turns).

CryoSword the Chopper (Minotaur Monk)                Turns: 334, Time: 00:01:07

Health: 0/33       AC:  2    Str: 16    XL:     3   Next: 8%
Magic:  2/2        EV: 13    Int:  7    God:
Gold:   22         SH:  0    Dex: 12    Spells: 2/2 levels left

rFire    . . .     SeeInvis .   a - +0 hand axe
rCold    . . .     Faith    .   (no shield)
rNeg     . . .     Spirit   .   b - +0 robe
rPois    .         Reflect  .   (helmet restricted)
rElec    .         Harm     .   (no cloak)
rCorr    .         Rampage  .   (no gloves)
Will     .....                  (no boots)
Stlth    ++........             (no amulet)
HPRegen  0.11/turn              (no ring)
MPRegen  0.08/turn              (no ring)

@: no status effects
A: retaliatory headbutt, horns 2
a: no special abilities


You were on level 1 of the Dungeon.
You visited 1 branch of the dungeon, and saw 1 of its levels.

You collected 22 gold pieces.

Inventory:

Hand Weapons
 a - a +0 hand axe (weapon)
Armour
 b - a +0 robe (worn)
Scrolls
 d - a scroll of amnesia {unknown}
 e - a scroll of random uselessness {unknown}
Potions
 c - a potion of haste {unknown}
 f - a potion of curing {unknown}


   Skills:
 + Level 4.1 Fighting
 * Level 4.7 Axes
 - Level 3.2 Dodging
 - Level 1.5 Stealth


You had 2 spell levels left.
You didn't know any spells.
Your spell library was empty.

Dungeon Overview and Level Annotations

Branches:
Dungeon (1/15)

Altars:


Innate Abilities, Weirdness & Mutations

You reflexively headbutt those who attack you in melee.
You have a pair of horns on your head.


Message History

You barely miss the leopard gecko. The jackal bites you. The jackal misses you.
The leopard gecko misses you. You furiously retaliate!
You headbutt the leopard gecko, but do no damage.
You closely miss the jackal.
You hit the leopard gecko but do no damage.
You hit the jackal.
The jackal bites you but does no damage.
The jackal misses you. The leopard gecko barely misses you.
You furiously retaliate!
You headbutt the leopard gecko. You hit the jackal.
You kill the jackal!
You closely miss the jackal. You miss the leopard gecko.
The leopard gecko closely misses you. You furiously retaliate!
You headbutt the leopard gecko. The jackal misses you. The jackal bites you.
You hit the leopard gecko.
You kill the leopard gecko!
You hit the jackal. You closely miss the jackal.
You hit the jackal but do no damage. The jackal misses you.
The jackal bites you. The jackal completely misses you.
The jackal closely misses you.
You hit the jackal but do no damage. You closely miss the jackal.
You hit the jackal. The jackal bites you.
The jackal bites you but does no damage.
The jackal completely misses you. The jackal bites you.
A kobold comes into view. It is wielding a +0 short sword.
The jackal bites you.
You are too injured to fight recklessly!
You are too injured to fight recklessly!
You are too injured to fight recklessly!
Unknown command.
The jackal barely misses you.
Items here: )) ††.
The jackal bites you but does no damage.
The jackal bites you.
* * * LOW HITPOINT WARNING * * *
Things that are here:
a +0 dagger; 3 stones; a kobold corpse The jackal bites you.
* * * LOW HITPOINT WARNING * * *
The jackal bites you.
* * * LOW HITPOINT WARNING * * *
You closely miss the jackal. The jackal closely misses you.
You barely miss the jackal. The jackal barely misses you.
You furiously retaliate!
You headbutt the jackal!
You kill the jackal!
The jackal closely misses you.
You barely miss the jackal. Your headbutt misses the jackal.
The jackal bites you.
* * * LOW HITPOINT WARNING * * *
You closely miss the jackal. Your headbutt misses the jackal.
The jackal bites you.
* * * LOW HITPOINT WARNING * * *
The jackal bites you.
* * * LOW HITPOINT WARNING * * *
You hit the jackal but do no damage. The jackal barely misses you.
You hit the jackal but do no damage. The jackal bites you.
* * * LOW HITPOINT WARNING * * *
The jackal bites you.
* * * LOW HITPOINT WARNING * * *
You hit the jackal. The jackal barely misses you. The jackal misses you.
You hit the jackal.
You kill the jackal!
The jackal barely misses you.
You barely miss the jackal. The jackal barely misses you.
The jackal barely misses you.
You barely miss the jackal. Your headbutt misses the jackal.
The jackal misses you. You furiously retaliate!
You headbutt the jackal. You hit the jackal. You headbutt the jackal.
You kill the jackal!
The kobold throws a stone.
The stone hits you but does no damage.
The kobold throws a stone.
The stone misses you.
A kobold comes into view. It is wielding a +0 short sword.
The kobold throws a stone.
The stone barely misses you.
A giant cockroach comes into view.
The kobold throws a stone.
The stone misses you.
A rat comes into view.
The kobold shouts!
The kobold throws a stone.
The stone barely misses you.
You see here a jackal corpse.
A bat comes into view.
The kobold throws a stone.
The stone barely misses you. The rat closely misses you.
You hit the rat.
You kill the rat!
The kobold throws a stone.
The stone barely misses you.
The kobold throws a stone.
The stone misses you.
A rat comes into view.
The bat misses you. The bat closely misses you. You furiously retaliate!
You headbutt the bat. The bat closely misses you.
Things that are here:
a +0 club; a frilled lizard corpse The bat completely misses you.
The bat misses you. You furiously retaliate!
You headbutt the bat!
You kill the bat!
The rat barely misses you.
You see here a jackal corpse.
You closely miss the rat. The rat bites you.
* * * LOW HITPOINT WARNING * * *
You closely miss the rat. The rat bites you.
* * * LOW HITPOINT WARNING * * *
You hit the rat.
You kill the rat!
A hobgoblin comes into view.
It is wielding a +0 club and quivering atropa-tipped darts.
The hobgoblin shouts!
You hit the giant cockroach. You headbutt the giant cockroach.
You kill the giant cockroach!
The hobgoblin barely misses you.
The hobgoblin throws an atropa-tipped dart.
The atropa-tipped dart hits you!
You are confused.
You feel less confused.
The hobgoblin throws an atropa-tipped dart.
The atropa-tipped dart hits you.
You are confused.
The kobold shouts!
The kobold throws a stone.
The stone hits you.
* * * LOW HITPOINT WARNING * * *
You bump into the rock wall.
You feel less confused.
The kobold throws a stone.
The stone closely misses you.
A hobgoblin comes into view.
The hobgoblin moves out of view.
You barely miss the kobold. Your headbutt misses the kobold.
The kobold barely misses you. You furiously retaliate!
You headbutt the kobold!
You kill the kobold!
You have reached level 3!
Your experience leads to an increase in your attributes!
Increase (S)trength, (I)ntelligence, or (D)exterity?
You feel stronger.
The hobgoblin throws an atropa-tipped dart.
The atropa-tipped dart barely misses you.
Things that are here:
a +0 short sword; 3 stones; a kobold corpse You hit the hobgoblin.
The hobgoblin hits you.
* * * LOW HITPOINT WARNING * * *
You closely miss the hobgoblin.
The hobgoblin hits you but does no damage.
You hit the hobgoblin.
You kill the hobgoblin!
You hit the kobold.
You kill the kobold!
The hobgoblin throws an atropa-tipped dart.
The atropa-tipped dart closely misses you.
Things that are here:
a +0 short sword; 3 stones; a kobold corpse The hobgoblin barely misses you.
You hit the hobgoblin but do no damage. The hobgoblin hits you with a +0 club.
You die...

..$))..###............#.#
#..).K.†...##.)###.#.##.##
####†#####.....# #>#.'..>#
#.# ##.##.###.#######
####B# ###..##.....#
..##.###.....###).## #
.............#..†..###.##
.....###.......###.......
..............))@g..##.#
.....#.......#####..##
.....#.##.......g....#
>......##.....÷÷...#.#
.....####.........K#.#
.....# #..........# #
###### #..........#
#########.......(..#
...B..K...###......#


You could see a hobgoblin.

Vanquished Creatures
  A leopard gecko (D:1)
  3 giant cockroaches (D:1)
  A goblin (D:1)
  6 hobgoblins (D:1)
  4 jackals (D:1)
  6 kobolds (D:1)
  A bat (D:1)
  2 frilled lizards (D:1)
  2 rats (D:1)
26 creatures vanquished.

Notes
Turn   | Place    | Note
-------+----------+-------------------------------------------
     0 | D:1      | CryoSword the Minotaur Monk began the quest for the Orb.
     0 | D:1      | Reached XP level 1. HP: 19/19 MP: 0/0
   137 | D:1      | Reached XP level 2. HP: 25/27 MP: 1/1
   235 | D:1      | HP: 1/27 [jackal (3)]
   323 | D:1      | Reached XP level 3. HP: 8/33 MP: 2/2
   334 | D:1      | Slain by a hobgoblin

Illustrated notes

Levels and vault maps discovered:
D:1:      amcnicky_arrival_choice, layout_rooms

Skill      XL: |  1  2 |
---------------+-------+-----
Axes           | 4 |  4.7
Fighting       | 4 |  4.1
Dodging        | |  3.2
Stealth        | |  1.5

Action                   || total
-------------------------++-------
Melee: Hand axe          ||    52
       Headbutt          ||     3
Armor: Robe              ||     6
Dodge: Dodged            ||    61

Table legend: (Time is in decaauts)
 A = Elapsed time spent in this place.
 B = Non-inter-level travel time spent in this place.
 C = Inter-level travel time spent in this place.
 D = Time resting spent in this place.
 E = Time spent auto-exploring this place.
 F = Levels seen in this place.
 G = Mean time per level.
                   A        B        C        D        E       F      G
               +--------+--------+--------+--------+--------+-----+--------+
         Total |    338 |    338 |      0 |      0 |    172 |   1 |  338.0 |
       Dungeon |    338 |    338 |      0 |      0 |    172 |   1 |  338.0 |
               +--------+--------+--------+--------+--------+-----+--------+

Top non-repeatable levels by time:
     D:1: 338 daAuts
